 Dungeon Crawl Stone Soup version 0.26-b1-32-g5d43845318 (webtiles) character file.

Game seed: 4391050871554039596

28681 Dracia the Grappler (level 13, 0/93 HPs)
             Began as a Demonspawn Gladiator on Jan 13, 2021.
             Was an Elder of Wu Jian.
             Hit by a large rock thrown by a stone giant (26 damage)
             ... in a volcano.
             The game lasted 00:45:28 (18643 turns).

Dracia the Grappler (Demonspawn Gladiator)         Turns: 18643, Time: 00:45:28

Health: 0/93       AC: 16    Str: 15    XL:     13   Next: 11%
Magic:  13/13      EV: 12    Int: 13    God:    Wu Jian [****..]
Gold:   1536       SH:  0    Dex: 18    Spells: 12/12 levels left

rFire    + . .     SeeInvis .     - Unarmed
rCold    . . .     Faith    +   (no shield)
rNeg     . . .     Spirit   .   a - +0 chain mail {rPois}
rPois    +         Reflect  .   r - +2 hat
rElec    +         Harm     .   x - +1 cloak
rCorr    +         Rampage  .   (no gloves)
Will     .....                  B - +1 pair of boots
Stlth    ..........             T - amulet of faith {!P!P}
HPRegen  0.25/turn              F - ring of protection from fire
MPRegen  0.13/turn              p - ring of Ephemeral Luck {rElec rCorr Str-5 Int+4 Dex+3}

@: no status effects
A: antennae 2, claws 1, talons 2, demonic guardian 2, miasma immunity
a: Renounce Religion, Wall Jump, Serpent's Lash


You were in a volcano.
You worshipped Wu Jian.
Wu Jian was greatly pleased with you.
You visited 3 branches of the dungeon, and saw 16 of its levels.
You also visited: Ossuary, Ice Cave and Volcano.

You collected 1629 gold pieces.
You spent 93 gold pieces at shops.


Innate Abilities, Weirdness & Mutations

You have a pair of antennae on your head.
You have sharp fingernails.
You have razor-sharp toenails.
A demonic guardian rushes to your aid.
You are immune to miasma.


   Skills:
 - Level 6.1 Fighting
 - Level 2.6 Short Blades
 - Level 1.7 Throwing
 - Level 5.2 Armour
 + Level 9.8 Dodging
 - Level 14.0 Unarmed Combat
 - Level 10.0 Evocations


You had 12 spell levels left.
You didn't know any spells.
Your spell library contained the following spells:

 Spells                   Type           Power        Failure   Level
 Beastly Appendage        Tmut           0%           99%         1
 Wereblood                Tmut           0%           100%        2
 Confusing Touch          Hex            0%           100%        3
 Gell's Gravitas          Tloc           0%           100%        3
 Spider Form              Tmut/Pois      0%           100%        3
 Ice Form                 Ice/Tmut       0%           100%        4
 Petrify                  Tmut/Erth      0%           100%        4
 Blade Hands              Tmut           0%           100%        5
 Metabolic Englaciation   Hex/Ice        0%           100%        5
 Yara's Violent Unravell  Hex/Tmut       0%           100%        5

Inventory:

Missiles
 c - 3 throwing nets {=f=f}
 f - 6 datura-tipped darts (quivered)
Armour
 a - a +0 chain mail of poison resistance (worn)
 n - +1 ice dragon scales
 r - a +2 hat (worn)
 u - a scarf of repulsion
 x - a +1 cloak (worn)
 B - a +1 pair of boots (worn)
Jewellery
 o - an uncursed ring of willpower
 p - the ring of Ephemeral Luck (right claw) {rElec rCorr Str-5 Int+4 Dex+3}
   (You acquired it in an ossuary)

   [ring of resist corrosion]

   It affects your strength (-5).
   It affects your intelligence (+4).
   It affects your dexterity (+3).
   It insulates you from electricity.
   It provides partial protection from all sources of acid and corrosion.
 q - an uncursed ring of willpower
 v - an uncursed ring of see invisible
 C - an uncursed ring of ice
 E - a +4 ring of evasion
 F - a ring of protection from fire (left claw)
 G - an uncursed amulet of guardian spirit
 I - a +6 ring of intelligence
 O - a +4 ring of protection
 R - an uncursed ring of resist corrosion
 T - an amulet of faith (around neck) {!P!P}
 W - an uncursed ring of magical power
Wands
 H - a wand of flame (52)
 L - a wand of polymorph (16)
 M - a wand of paralysis (10)
 P - a wand of random effects (19)
 X - a wand of digging (10)
Scrolls
 h - 6 scrolls of enchant weapon
 i - 4 scrolls of remove curse {@r2@r2}
 k - 8 scrolls of amnesia
 l - 8 scrolls of identify {@r1@r1}
 t - 4 scrolls of teleportation {@r4@r4}
 A - a scroll of fog
 Q - a scroll of magic mapping
 S - a scroll of fear
Potions
 b - a potion of cancellation
 d - 4 potions of might
 e - 3 potions of curing {@q1@q1}
 g - a potion of lignification
 j - a potion of heal wounds {@q2@q2}
 m - 4 potions of attraction
 s - 2 potions of brilliance
 w - 16 potions of ambrosia
 z - a potion of magic
 K - a potion of resistance
 U - a potion of invisibility

Dungeon Overview and Level Annotations

Branches:
Dungeon (11/15)            Temple (1/1) D:6            Lair (4/6) D:11
  Swamp (0/4) Lair:4       Spider (0/4) Lair:4          Orc (0/2) D:9
Ossuary (visited)           IceCv (visited)         Volcano (1/1)

Altars:
Ashenzari
Cheibriados
Dithmenos
Elyvilon
Fedhas
Gozag
Hepliaklqana
Kikubaaqudgha
Makhleb
Nemelex Xobeh
Okawaru
Qazlal
Ru
Trog
Uskayaw
Vehumet
Wu Jian
Xom
Yredelemnul
Zin
The Shining One

Shops:
D:4 *   D:9 =   D:11 [?:[*

Annotations:
D:3 Jessica
D:4 3 runed translucent doors, Yermak's ghost, weakling DDBe
D:9 2 transporters, unihiutale's ghost, novice HuWn

§≈§.# #.# ≈§§≈ ≈≈≈.# { #.# { §≈≈§
≈≈≈.# #§# { §§§§ ≈≈≈.# #☼# { §≈§≈
≈≈≈.# #§# ##### ≈§§§ §≈§.#. #§#
C... ≈≈≈≈ §§§§### ##☼###''### §§≈
≈§≈.# {#°○§☼☼#....# §§§ ≈≈≈.#
#○8☼8§#@.3.# ≈§§ ≈≈≈.#
+.☼§☼§☼☼...# §§≈ §≈§.#
############ ≈§≈ §§≈≈ ≈≈≈≈ ≈≈
§§§≈≈§≈ ≈≈ §§≈§§≈≈≈§ ≈≈≈≈≈≈
§≈≈§≈≈§≈≈ ≈≈≈≈≈≈§≈≈§≈≈§≈§§
§≈§≈≈§§§§§§
≈§≈≈≈≈≈≈§§§§§§≈≈≈≈≈§§§§≈§§≈≈≈≈≈≈≈


You could see a stone giant and a friendly sixfirhy (summoned).


Message History

The Council accepts your kill.
You claw the earth elemental!
The earth elemental is moderately damaged.
You scratch the earth elemental. You claw the earth elemental.
The earth elemental is heavily damaged.
The earth elemental hits you!
* * * LOW HITPOINT WARNING * * *
You scratch the earth elemental.
The earth elemental is heavily damaged.
You claw the earth elemental! You claw the earth elemental.
The earth elemental is almost destroyed.
The earth elemental barely misses you.
You scratch the earth elemental but do no damage.
The earth elemental is almost destroyed.
You claw the earth elemental!
You destroy the earth elemental!
The Council accepts your kill.
There is an open door here.
You open the door.
The heavenly storm settles.
Found a rocky tunnel leading out of this place.
There is an open door here.
A stone giant comes into view.
The stone giant shouts!
The stone giant throws a large rock.
The large rock hits you.
* * * LOW HITPOINT WARNING * * *
You see here a large rock {=f=f}.
The air gets thick with the scent of sulphur.
The stone giant throws a large rock.
The large rock hits you!!
You die...

Skill      XL: |  1  2  3  4  5  6  7  8  9 10 11 12 |
---------------+-------------------------------------+-----
Armour         | 1 4 5 |  5.2
Dodging        | 3 5 6 9 |  9.8
Fighting       | 5 6 |  6.1
Unarmed Combat | 4 5 6 8 10 12 14 | 14.0
Evocations     | 6 10 | 10.0
Short Blades   | |  2.6
Throwing       | |  1.7

Action                   |  1- 3 |  4- 6 |  7- 9 | 10-12 | 13-15 || total
-------------------------+-------+-------+-------+-------+-------++-------
Melee: Rapier            |    16 |       |       |       |       ||    16
       Dagger            |   104 |    15 |       |       |       ||   119
       Kick              |     7 |    38 |    92 |       |       ||   137
       Short sword       |       |    42 |       |       |       ||    42
       Unarmed           |       |    61 |   527 |   939 |   100 ||  1627
       Punch             |       |     3 |    23 |    48 |     9 ||    83
Invok: Whirlwind         |       |       |       |   248 |    20 ||   268
       Lunge             |       |       |       |    45 |     5 ||    50
       Heavenly Storm    |       |       |       |     1 |     1 ||     2
 Abil: Wall Jump         |       |       |       |    16 |       ||    16
Evoke: Wand              |       |       |       |     8 |       ||     8
  Use: Potion            |     2 |     1 |     6 |     4 |     1 ||    14
       Scroll            |       |     8 |     7 |    18 |       ||    33
 Stab: Sleeping          |     1 |       |       |       |       ||     1
       Distracted        |       |     1 |     2 |     2 |       ||     5
       Invisible         |       |       |       |     3 |       ||     3
       Petrified         |       |       |       |     4 |       ||     4
Armor: Leather armour    |    25 |       |       |       |       ||    25
       Ice dragon scales |    41 |    52 |   234 |   450 |       ||   777
       Chain mail        |       |       |       |    23 |    26 ||    49
Dodge: Dodged            |    80 |    59 |   280 |   515 |    34 ||   968

Levels and vault maps discovered:
D:1:      eino_arrival_druids_welcome, layout_basic
D:2:      layout_rooms, lemuel_old_faithful, uniq_crazy_yiuf_cottage,
          uniq_terence
D:3:      layout_rooms, tgw_sif, minmay_misc_feat_tiny
D:4:      layout_loops_cross, xom_redecorated, serial_shops, shop,
          ebering_ghost_rock_garden, eino_tiny_chamber
D:5:      layout_loops_ring, nicolae_ossuary_entry_plus,
          nicolae_ru_the_path_less_chosen, uniq_edmund
D:6:      layout_basic, cheibrodos_worm_habitat,
          minmay_temple_entry_enclosed_plants, yredelemnul_altar_generic,
          uniq_grinder
D:7:      layout_cave_pods
D:8:      layout_basic, minitemple
D:9:      layout_loops_ring, lightli_temple_of_fire, orc_0_dummy, serial_shops,
          nicolae_shop_crystal, gammafunk_ghost_mausoleum
D:10:     layout_stronghold, basic_altar, minmay_quadrilaterals
D:11:     layout_long_grid, david_lair_shrubbed, serial_shops,
          nicolae_shop_waterfront, nicolae_shop_trees, nicolae_shop_stone,
          nicolae_shop_overgrown_old_shop, nicolae_shop_stone
Temple:   jpeg_temple_clearing
Lair:1:   layout_gridlike, minivault_27, columned_hall_lemuel,
          infiniplex_staircase_pool
Lair:2:   layout_small_grid, portal_ice_cave_entry_pillars_1,
          chequers_serial_rivers_large_a, minmay_lindwurm_lava, uniq_nergalle
Lair:3:   layout_roguey [special_room_bee], nicolae_quartered_pool_little,
          serial_bayou_shore_b
Lair:4:   layout_roguey, palyth_hydra_swamp_entry,
          nicolae_spider_entry_tight_spaces, nicolae_volcano_entry_s_turn,
          lemuel_fruit_fields
Volcano:  volcano_lake [vl_original]

Notes
Turn   | Place    | Note
-------+----------+-------------------------------------------
     0 | D:1      | Dracia the Demonspawn Gladiator began the quest for the
                  | Orb.
     0 | D:1      | Reached XP level 1. HP: 16/16 MP: 1/1
   165 | D:1      | You feel monstrous as your demonic heritage exerts itself.
   165 | D:1      | Gained mutation: You have a pair of small antennae on your
                  | head. [demonic ancestry]
   165 | D:1      | Reached XP level 2. HP: 21/22 MP: 2/2
   323 | D:1      | Reached skill level 1 in Armour
   364 | D:1      | Reached skill level 3 in Dodging
   752 | D:1      | Gained mutation: You have sharp toenails. [demonic
                  | ancestry]
   752 | D:1      | Reached XP level 3. HP: 28/28 MP: 3/3
  1063 | D:2      | Identified a potion of experience
  1063 | D:2      | Reached skill level 5 in Fighting
  1063 | D:2      | Reached skill level 4 in Armour
  1063 | D:2      | Reached skill level 5 in Dodging
  1063 | D:2      | Reached skill level 4 in Unarmed Combat
  1063 | D:2      | Gained mutation: A weak demonic guardian rushes to your
                  | aid. [demonic ancestry]
  1063 | D:2      | Reached XP level 4. HP: 37/40 MP: 4/4
  1069 | D:2      | Reached skill level 5 in Armour
  1435 | D:2      | Noticed Terence
  1440 | D:2      | Reached XP level 5. HP: 46/46 MP: 5/5
  1445 | D:2      | Killed Terence
  1474 | D:2      | Reached skill level 6 in Fighting
  1530 | D:2      | Found a runed translucent door.
  1531 | D:2      | Noticed Crazy Yiuf
  1994 | D:2      | Killed Crazy Yiuf
  2072 | D:3      | Noticed an ogre
  2080 | D:3      | Killed an ogre
  2081 | D:3      | Reached skill level 6 in Dodging
  2081 | D:3      | Gained mutation: You have sharp fingernails. [demonic
                  | ancestry]
  2081 | D:3      | Reached XP level 6. HP: 52/52 MP: 6/6
  2412 | D:3      | Noticed Jessica
  2619 | D:4      | Found a runed translucent gate.
  2619 | D:4      | Found a runed translucent gate.
  2621 | D:4      | Found a runed translucent gate.
  2629 | D:4      | Reached skill level 5 in Unarmed Combat
  2752 | D:4      | Noticed Yermak's ghost (weakling DDBe)
  2765 | D:4      | Gained mutation: You are immune to miasma. [demonic
                  | ancestry]
  2765 | D:4      | Reached XP level 7. HP: 54/58 MP: 7/7
  3044 | D:4      | Found a shimmering altar of Xom.
  3044 | D:4      | Found a shimmering altar of Xom.
  3044 | D:4      | Found a shimmering altar of Xom.
  3045 | D:4      | Found a shimmering altar of Xom.
  3045 | D:4      | Found a shimmering altar of Xom.
  3045 | D:4      | Found a shimmering altar of Xom.
  3159 | D:4      | Found Nyh Ukha's Assorted Antiques.
  3239 | D:4      | Reached skill level 6 in Unarmed Combat
  3390 | D:5      | Entered Level 5 of the Dungeon
  3453 | D:5      | Found a sand-covered staircase.
  3458 | Ossuary  | Entered an ossuary
  3541 | Ossuary  | Reached XP level 8. HP: 63/64 MP: 8/8
  3587 | Ossuary  | Reached skill level 7 in Unarmed Combat
  4116 | Ossuary  | Identified a scroll of acquirement
  4116 | Ossuary  | Acquired the ring of Ephemeral Luck {rElec rCorr Str-5
                  | Int+4 Dex+3}
  4387 | D:5      | Reached skill level 8 in Unarmed Combat
  4592 | D:5      | Noticed Edmund
  4605 | D:5      | Killed Edmund
  4670 | D:5      | Reached XP level 9. HP: 63/68 MP: 9/9
  4882 | D:5      | Found a sacrificial altar of Ru.
  5107 | D:6      | Reached skill level 9 in Unarmed Combat
  5119 | D:6      | Found a basalt altar of Yredelemnul.
  5610 | D:6      | Noticed Grinder
  5610 | D:6      | Paralysed by Grinder for 3 turns
  5630 | D:6      | Killed Grinder
  5852 | D:6      | Found a snail-covered altar of Cheibriados.
  6261 | D:6      | Found a staircase to the Ecumenical Temple.
  6652 | Temple   | Entered the Ecumenical Temple
  7496 | D:7      | Reached skill level 10 in Unarmed Combat
  8437 | D:8      | Gained mutation: A demonic guardian rushes to your aid.
                  | [demonic ancestry]
  8437 | D:8      | Reached XP level 10. HP: 76/76 MP: 10/10
  8455 | D:8      | Found a blossoming altar of Fedhas.
  8455 | D:8      | Found an ornate altar of the Wu Jian Council.
  8456 | D:8      | Found a stormy altar of Qazlal.
  8458 | D:8      | Found a glowing golden altar of the Shining One.
  8465 | D:8      | Became a worshipper of the Wu Jian Council
  8712 | D:9      | Found a transporter.
  8712 | D:9      | Noticed unihiutale's ghost (novice HuWn)
  8713 | D:9      | Found a transporter.
  8718 | D:9      | Noticed a spectral centaur warrior
  8948 | D:9      | Found a burning altar of Makhleb.
  9008 | D:9      | Identified a +0 robe of resistance
  9015 | D:9      | Reached skill level 11 in Unarmed Combat
  9282 | D:9      | Found Maqibepn's Jewellery Boutique.
  9355 | D:9      | Found a staircase to the Orcish Mines.
  9373 | D:9      | Reached * piety under Wu Jian
  9594 | D:10     | Entered Level 10 of the Dungeon
 10057 | D:10     | Reached ** piety under Wu Jian
 10065 | D:10     | Reached skill level 12 in Unarmed Combat
 10361 | D:10     | Noticed a gargoyle
 10374 | D:10     | Killed a gargoyle
 10584 | D:10     | Found a broken altar of Ashenzari.
 10785 | D:10     | Identified a potion of resistance
 11058 | D:10     | Noticed an unseen horror
 11065 | D:10     | Killed an unseen horror
 11268 | D:11     | Found Necsydack's Assorted Antiques.
 11384 | D:11     | Found Saodghu's Armour Emporium.
 11431 | D:11     | Found Lusofav's Book Shoppe.
 11462 | D:11     | Noticed a boulder beetle
 11475 | D:11     | Killed a boulder beetle
 11476 | D:11     | Gained mutation: You have razor-sharp toenails. [demonic
                  | ancestry]
 11476 | D:11     | Reached XP level 11. HP: 69/81 MP: 11/11
 11558 | D:11     | Reached skill level 13 in Unarmed Combat
 11673 | D:11     | Reached *** piety under Wu Jian
 11705 | D:11     | Found Todusag's Magic Scroll Shoppe.
 11788 | D:11     | Found a staircase to the Lair.
 11921 | D:11     | Found Gicedaeq's Antique Armour Boutique.
 12077 | D:11     | Noticed a centaur warrior
 12086 | D:11     | Killed a centaur warrior
 12415 | Lair:1   | Entered Level 1 of the Lair of Beasts
 12860 | Lair:1   | You fall into a shaft and drop 1 floor!
 12915 | Lair:2   | Found a frozen archway.
 12924 | IceCv    | Entered an ice cave
 12951 | IceCv    | Reached skill level 14 in Unarmed Combat
 12955 | IceCv    | Reached skill level 1 in Evocations
 12967 | IceCv    | Reached skill level 2 in Evocations
 13148 | IceCv    | Reached skill level 3 in Evocations
 13307 | IceCv    | Reached skill level 4 in Evocations
 13439 | IceCv    | Noticed an ice dragon
 13439 | IceCv    | Noticed an ice dragon
 13455 | IceCv    | Killed an ice dragon
 13456 | IceCv    | Reached skill level 5 in Evocations
 13459 | IceCv    | Killed an ice dragon
 13984 | Lair:2   | Reached skill level 6 in Evocations
 14426 | Lair:2   | Reached XP level 12. HP: 77/88 MP: 12/12
 14426 | Lair:2   | Reached **** piety under Wu Jian
 14427 | Lair:2   | Reached skill level 7 in Evocations
 14967 | Lair:2   | Noticed Nergalle
 15097 | Lair:1   | Reached skill level 8 in Evocations
 15835 | Lair:2   | Reached skill level 9 in Evocations
 16070 | Lair:2   | Killed Nergalle
 16162 | Lair:3   | Reached skill level 10 in Evocations
 16162 | Lair:3   | Reached ***** piety under Wu Jian
 16720 | Lair:3   | Reached skill level 7 in Dodging
 16854 | Lair:3   | Noticed a death yak
 16855 | Lair:3   | Noticed a death yak
 16855 | Lair:3   | Noticed a death yak
 16869 | Lair:3   | Killed a death yak
 16869 | Lair:3   | Killed a death yak
 16870 | Lair:3   | Reached skill level 8 in Dodging
 16870 | Lair:3   | Killed a death yak
 17094 | Lair:3   | Noticed a catoblepas
 17116 | Lair:3   | Killed a catoblepas
 17563 | Lair:3   | Reached skill level 9 in Dodging
 17888 | D:11     | Bought a +0 chain mail of poison resistance for 93 gold
                  | pieces
 18066 | Lair:4   | Gained mutation: You have a pair of antennae on your head.
                  | [demonic ancestry]
 18066 | Lair:4   | Reached XP level 13. HP: 71/93 MP: 13/13
 18139 | Lair:4   | Found a dark tunnel.
 18145 | Volcano  | Entered a volcano
 18598 | Volcano  | Found a radiant altar of Vehumet.
 18642 | Volcano  | Noticed a stone giant
 18643 | Volcano  | Hit by a large rock thrown by a stone giant

Vanquished Creatures
  2 ice dragons (IceCv)
  A boulder beetle (D:11)
  A death yak (Lair:3)
  Nergalle (Lair:2)
  An unseen horror (D:10)
  4 lindwurms (Lair:2)
  An elephant (Lair:3)
  2 ice statues (IceCv)
  A black mamba (Lair:1)
  A cane toad (Lair:2)
  An efreet (Volcano)
  4 komodo dragons
  3 rime drakes
  3 trolls
  2 polar bears
  Grinder (D:6)
  A wraith (D:11)
  A fire elemental (Volcano)
  9 yaks
  2 vampires
  2 fire bats (Volcano)
  2 vampire mosquitoes (D:11)
  Edmund (D:5)
  9 water moccasins
  2 orc warriors
  A phantom (D:11)
  11 ice beasts
  3 sky beasts
  3 black bears
  An eye of draining (D:10)
  9 ogres
  16 wolves
  7 centaurs
  10 bullfrogs
  2 earth elementals (Volcano)
  8 scorpions
  26 killer bees
  14 wights
  3 electric eels (Lair:3)
  2 howler monkeys
  7 lava snakes (Volcano)
  6 centaur zombies
  A human zombie (Ossuary)
  3 bullfrog zombies
  8 hounds
  2 jellies
  A quasit (D:8)
  A centaur skeleton (D:9)
  5 orc priests
  5 orc wizards
  6 worker ants
  Terence (D:2)
  3 iguanas
  4 big kobold zombies (Ossuary)
  A hound zombie (D:7)
  3 hound skeletons
  3 mummies (Ossuary)
  8 gnolls
  4 scorpion zombies (Ossuary)
  7 adders
  4 shadow imps
  2 white imps
  2 ufetubi
  An ooze (D:1)
  6 worms
  A dart slug (D:1)
  8 leopard geckos
  32 orcs
  3 ball pythons
  7 bats
  4 giant cockroaches
  3 goblins (D:1)
  5 hobgoblins
  6 jackals
  5 kobolds
  2 quokkas
  3 frilled lizards
  2 gnoll zombies (Ossuary)
  2 hobgoblin zombies (Ossuary)
  6 rats
357 creatures vanquished.

Vanquished Creatures (collateral kills)
  A hydra (Lair:4)
  A catoblepas (Lair:3)
  A centaur warrior (D:11)
  2 death yaks (Lair:3)
  A manticore (D:11)
  4 elephants (Lair:3)
  A gargoyle (D:10)
  A komodo dragon (Lair:1)
  A cane toad (Lair:2)
  A queen bee (Lair:3)
  3 basilisks
  12 yaks
  5 ice beasts (IceCv)
  An ogre (D:8)
  A phantom (D:11)
  2 wolves (Lair:4)
  3 scorpions
  5 killer bees (Lair:3)
  2 wights (D:6)
  Crazy Yiuf (D:2)
  A centaur skeleton (D:8)
  2 adders
  A scorpion zombie (Ossuary)
  2 orcs (D:2)
  2 jackals (D:2)
  A gnoll zombie (Ossuary)
58 creatures vanquished.

Vanquished Creatures (others)
  2 gnolls (D:2)
  A leopard gecko (D:2)
  3 fungi
  47 plants
53 creatures vanquished.

Grand Total: 468 creatures vanquished

Table legend: (Time is in decaauts)
 A = Elapsed time spent in this place.
 B = Non-inter-level travel time spent in this place.
 C = Inter-level travel time spent in this place.
 D = Time resting spent in this place.
 E = Time spent auto-exploring this place.
 F = Levels seen in this place.
 G = Mean time per level.
                   A        B        C        D        E       F      G
               +--------+--------+--------+--------+--------+-----+--------+
         Total |  18428 |  17678 |    750 |   3075 |  11629 |  19 |  969.9 |
       Dungeon |  11452 |  10898 |    554 |   1578 |   7614 |  11 | 1041.1 |
        Temple |     96 |     78 |     18 |      0 |     78 |   1 |   96.0 |
          Lair |   4544 |   4367 |    177 |    942 |   2732 |   4 | 1136.0 |
       Ossuary |    850 |    850 |      0 |      0 |    625 |   1 |  850.0 |
      Ice Cave |   1002 |   1002 |      0 |    555 |    228 |   1 | 1002.0 |
       Volcano |    482 |    482 |      0 |      0 |    351 |   1 |  482.0 |
               +--------+--------+--------+--------+--------+-----+--------+

Top non-repeatable levels by time:
  Lair:2: 1877 daAuts
     D:6: 1563 daAuts
    D:10: 1526 daAuts
  Lair:3: 1427 daAuts
    D:11: 1391 daAuts
     D:8: 1246 daAuts
     D:2: 1209 daAuts
  Lair:1: 1122 daAuts
   IceCv: 1002 daAuts
 Ossuary: 850 daAuts
     D:1: 847 daAuts
     D:7: 835 daAuts
     D:5: 809 daAuts
     D:4: 771 daAuts
     D:9: 717 daAuts

Table legend:
 A = Non-vault XP
 B = Vault XP
 C = Vault XP percentage of total XP
 D = Non-vault monster count
 E = Vault monster count
 F = Vault count percentage of total count
                 A         B        C        D         E       F
            +---------+---------+-------+---------+---------+-------
      Total |   27762 |   13138 |  32.1 |     310 |     105 |  25.3
            +---------+---------+-------+---------+---------+-------
        D:1 |      45 |       0 |   0.0 |      21 |       0 |   0.0
        D:2 |     105 |      59 |  36.0 |      23 |       2 |   8.0
        D:3 |     149 |       0 |   0.0 |      11 |       0 |   0.0
        D:4 |     613 |       0 |   0.0 |      20 |       0 |   0.0
        D:5 |     695 |     158 |  18.5 |      19 |       1 |   5.0
        D:6 |     732 |     267 |  26.7 |      16 |       2 |  11.1
        D:7 |     506 |       0 |   0.0 |      17 |       0 |   0.0
        D:8 |    1281 |       0 |   0.0 |      27 |       0 |   0.0
        D:9 |    1330 |       0 |   0.0 |      23 |       0 |   0.0
       D:10 |    2141 |     467 |  17.9 |      30 |       4 |  11.8
       D:11 |    3996 |     361 |   8.3 |      25 |       1 |   3.8
     Lair:1 |    2672 |       0 |   0.0 |      11 |       0 |   0.0
     Lair:2 |    3429 |    3150 |  47.9 |      18 |       5 |  21.7
     Lair:3 |    7549 |    1647 |  17.9 |      32 |      27 |  45.8
     Lair:4 |    2519 |       0 |   0.0 |      17 |       0 |   0.0
    Ossuary |       0 |     930 | 100.0 |       0 |      30 | 100.0
      IceCv |       0 |    4654 | 100.0 |       0 |      20 | 100.0
    Volcano |       0 |    1445 | 100.0 |       0 |      13 | 100.0
            +---------+---------+-------+---------+---------+-------
